 Dungeon Crawl Stone Soup version 0.28.0-43-g3370ac3207 (webtiles) character file.

Game seed: 14503726213190302390

8109 pkoi the Destroyer (level 11, -4/51 (60) HPs)
             Began as a Deep Elf Conjurer on Mar 18, 2022.
             Was a Follower of Sif Muna.
             Slain by a hell rat (6 damage)
             ... on level 9 of the Dungeon.
             The game lasted 00:22:41 (16401 turns).

pkoi the Destroyer (Deep Elf Conjurer)             Turns: 16401, Time: 00:22:42

HP:   -4/51 (60)    AC: 14    Str:  4    XL:     11   Next: 5%
MP:   1/22          EV:  9    Int: 28    God:    Sif Muna [*.....]
Gold: 506           SH:  0    Dex: 13    Spells: 11/22 levels left

rFire   . . .      SeeInvis +   u - +9 falchion of Earthquakes {drain, rElec rF- Will+++ Stlth+}
rCold   + . .      Faith    .   (no shield)
rNeg    . . .      Spirit   .   D - +1 ring mail "Veylyuto" {Fly rF+ rC+ SInv}
rPois   .          Reflect  .   F - +1 helmet
rElec   +          Harm     .   d - scarf {repulsion}
rCorr   .          Rampage  .   f - +1 pair of gloves
Will    +++++                   (no boots)
Stlth   ++++......              (no amulet)
HPRegen 0.17/turn               g - ring of willpower
MPRegen 0.18/turn               s - +4 ring of protection

@: flying, heavily drained, repel missiles
A: no striking features
a: Renounce Religion, Channel Magic


You were on level 9 of the Dungeon.
You worshipped Sif Muna.
Sif Muna was aware of your devotion.
You visited 2 branches of the dungeon, and saw 11 of its levels.

You collected 506 gold pieces.

Inventory:

Hand Weapons
 o - a +0 shortbow
 u - the +9 falchion of Earthquakes (weapon) {drain, rElec rF- Will+++ Stlth+}
   (You found it on level 6 of the Dungeon)

   A truly terrible weapon, it drains the life of any living foe it strikes.
   rF:        It makes you vulnerable to fire.
   rElec:     It insulates you from electricity.
   Will:      It greatly increases your willpower.
   Stlth:     It makes you more stealthy.
Missiles
 p - 108 arrows
 r - 14 poisoned darts
 z - 2 throwing nets
Armour
 d - a scarf of repulsion (worn)
 f - a +1 pair of gloves (worn)
 D - the +1 ring mail "Veylyuto" (worn) {Fly rF+ rC+ SInv}
   (You found it on level 9 of the Dungeon)

   rF:        It protects you from fire.
   rC:        It protects you from cold.
   SInv:      It lets you see invisible.
   Fly:       It grants you flight.
 F - a +1 helmet (worn)
Jewellery
 g - a ring of willpower (left hand)
 i - a ring of positive energy
 j - a +6 ring of dexterity
 l - a +6 ring of strength
 n - a ring of resist corrosion
 q - an amulet of guardian spirit
 s - a +4 ring of protection (right hand)
 C - a ring of protection from cold
Wands
 h - a wand of polymorph (18)
 m - a wand of paralysis (9)
 x - a wand of iceblast (1)
 y - a wand of flame (26)
Scrolls
 a - a scroll of enchant weapon
 b - a scroll of blinking
 k - 3 scrolls of teleportation
 A - a scroll of magic mapping
 B - a scroll of fear
 E - a scroll of identify
Potions
 c - 3 potions of curing
 e - a potion of heal wounds
 t - a potion of attraction {unknown}
 v - 2 potions of haste {unknown}
 w - a potion of magic {unknown}


   Skills:
 + Level 3.0 Fighting
 + Level 2.7 Armour
 + Level 5.2 Dodging
 + Level 6.5 Stealth
 - Level 6.3 Spellcasting
 - Level 10.1 Conjurations
 - Level 9.5 Hexes
 - Level 8.6 Translocations
 + Level 5.2 Invocations


You had 11 spell levels left.
You knew the following spells:

 Your Spells              Type           Power      Damage    Failure   Level
a - Magic Dart            Conj           100%       1d8       1%          1
b - Searing Ray           Conj           100%       2d8       1%          2
c - Iskenderun's Mystic   Conj/Tloc      57%        2d12      7%          4
d - Fulminant Prism       Conj/Hex       29%        3d14      5%          4

Your spell library contained the following spells:

 Spells                   Type           Power      Damage    Failure   Level
 Dazzling Flash           Conj/Hex       100%       N/A       1%          3
 Cause Fear               Hex            29%        N/A       6%          4
 Mephitic Cloud           Conj/Pois/Air  27%        N/A       24%         3
 Call Imp                 Summ           8%         N/A       43%         2
 Dragon Form              Tmut           4%         N/A       100%        7
 Dragon's Call            Summ           4%         N/A       100%        9


Dungeon Overview and Level Annotations

Branches:
Dungeon (10/15)            Temple (1/1) D:7
   Lair: D:8-11         Orc: D:9-12

Altars:
Ashenzari
Cheibriados
Dithmenos
Elyvilon
Fedhas
Gozag
Hepliaklqana
Kikubaaqudgha
Makhleb
Nemelex Xobeh
Okawaru
Qazlal
Ru
Sif Muna
Trog
Uskayaw
Vehumet
Wu Jian
Xom
Yredelemnul
Zin
The Shining One

Shops:
D:5 =


Message History

Casting: Iskenderun's Mystic Blast (dangerous; 7% risk of failure)
Confirm with . or Enter, or press ? or * to list all spells.
You don't have enough magic to cast this spell.
There is an open door here.
There is an escape hatch in the ceiling here.
The hell rat bites you!
* * * LOW HITPOINT WARNING * * *
You feel drained.
* * * LOW HITPOINT WARNING * * *
A mysterious force pulls you upwards. The hatch slams shut behind you.
The hell rat bites you but does no damage. x2
Casting: Iskenderun's Mystic Blast (dangerous; 7% risk of failure)
Confirm with . or Enter, or press ? or * to list all spells.
You erupt in a blast of force!
The mystic blast hits the hell rat but does no damage.
The hell rat is almost dead.
The hell rat bites you!
* * * LOW HITPOINT WARNING * * *
You feel drained.
* * * LOW HITPOINT WARNING * * *
You barely miss the hell rat.
The hell rat is almost dead.
The hell rat bites you!
* * * LOW HITPOINT WARNING * * *
You feel drained.
* * * LOW HITPOINT WARNING * * *
You hit the hell rat.
The hell rat is almost dead.
The hell rat bites you but does no damage.
The hell rat bites you.
* * * LOW HITPOINT WARNING * * *
You feel drained.
* * * LOW HITPOINT WARNING * * *
Aiming: Magic Dart (safe; 1% risk of failure)
Press: ? - help, Q - select action, (/) - cycle Shift-Dir - straight line, f - hell rat
Aim: a hell rat (almost dead, 100% to hit)
The magic dart hits the hell rat but does no damage.
The hell rat is almost dead.
The hell rat bites you.
You die...

#######################
................@.....#
..##..........<.r..########
..#[.#######..#.########..#
....## #.##.####......#
..### ###.##......####.#
..# ###...#.....### #.#
..## #...###....(# #.# ..(#
##.#####.....# #.#
...####......>...### #.#


You could see a hell rat.

Vanquished Creatures
  3 two-headed ogres
  A death yak (D:10)
  A kobold demonologist (D:10)
  Maggie (D:9)
  Prince Ribbit (D:7)
  A hornet (D:7)
  A meliai zombie (D:10)
  A shadow (D:10)
  A wyvern (D:8)
  A steam dragon (D:9)
  3 yaks (D:10)
  2 water moccasins
  An acid dragon (D:9)
  Duvessa (D:5)
  2 orc warriors
  2 ice beasts
  A sky beast (D:7)
  A hornet zombie (D:9)
  2 ogres
  5 centaurs
  2 kobold brigands
  5 bullfrogs
  4 scorpions
  A wyvern zombie (D:5)
  A wyvern skeleton (D:7)
  Dowan (D:5)
  4 wights (D:10)
  4 howler monkeys
  A crimson imp (D:8)
  A bullfrog zombie (D:5)
  2 centaur zombies
  5 orc priests
  2 hounds (D:4)
  A jelly (D:6)
  2 centaur skeletons (D:7)
  3 gnoll shamans
  3 iguanas
  5 orc wizards
  2 hell rats (D:10)
  A hound skeleton (D:4)
  A howler monkey zombie (D:5)
  2 howler monkey skeletons
  12 gnolls
  4 adders
  3 shadow imps
  An adder skeleton (D:4)
  2 worms
  A dart slug (D:1)
  25 orcs
  5 bats
  6 endoplasms
  4 giant cockroaches
  16 goblins
  6 hobgoblins
  4 jackals
  12 kobolds
  2 quokkas (D:1)
  4 ball pythons
  3 frilled lizards
  8 rats
203 creatures vanquished.

Vanquished Creatures (others)
  64 fulminant prisms
64 creatures vanquished.

Grand Total: 267 creatures vanquished

Notes
Turn   | Place    | Note
-------+----------+-------------------------------------------
     0 | D:1      | pkoi the Deep Elf Conjurer began the quest for the Orb.
     0 | D:1      | Reached XP level 1. HP: 10/10 MP: 6/6
   116 | D:1      | Found a faded altar of an unknown god.
   179 | D:1      | Reached XP level 2. HP: 15/15 MP: 6/8
   471 | D:1      | Reached skill level 5 in Conjurations
   471 | D:1      | Reached XP level 3. HP: 19/19 MP: 6/9
   481 | D:1      | Learned a level 2 spell: Searing Ray
  2059 | D:3      | Reached XP level 4. HP: 24/24 MP: 6/10
  2064 | D:3      | Learned a level 4 spell: Iskenderun's Mystic Blast
  2665 | D:3      | Reached skill level 1 in Translocations
  3130 | D:4      | Noticed a scorpion
  3141 | D:4      | Killed a scorpion
  3142 | D:4      | Reached skill level 6 in Conjurations
  3142 | D:4      | Reached XP level 5. HP: 6/28 MP: 1/12
  3948 | D:4      | Reached XP level 6. HP: 32/32 MP: 7/14
  4034 | D:4      | Learned a level 4 spell: Fulminant Prism
  4513 | D:4      | Reached skill level 1 in Hexes
  4755 | D:5      | Entered Level 5 of the Dungeon
  5009 | D:5      | HP: 1/32 [poisoned by a scorpion]
  5602 | D:5      | Reached XP level 7. HP: 36/36 MP: 9/15
  6328 | D:5      | Reached skill level 7 in Conjurations
  6386 | D:5      | Noticed Duvessa
  6389 | D:5      | Noticed Dowan
  6399 | D:5      | Killed Duvessa
  6400 | D:5      | Reached skill level 5 in Translocations
  6402 | D:5      | Killed Dowan
  6403 | D:5      | Reached skill level 5 in Hexes
  6716 | D:5      | Found Ygybbel's Jewellery Boutique.
  6906 | D:6      | Reached XP level 8. HP: 32/41 MP: 8/16
  7580 | D:6      | Found an ancient bone altar of Kikubaaqudgha.
  7600 | D:6      | Identified the +9 falchion of Earthquakes {drain, rElec rF-
                  | Will+++ Stlth+}
  7703 | D:6      | Found a broken altar of Ashenzari.
  8374 | D:7      | Noticed Prince Ribbit
  8385 | D:7      | Killed Prince Ribbit
  8386 | D:7      | Reached skill level 8 in Conjurations
  9428 | D:7      | Found a staircase to the Ecumenical Temple.
  9437 | D:7      | Reached XP level 9. HP: 45/45 MP: 8/17
  9443 | Temple   | Entered the Ecumenical Temple
  9708 | Temple   | Became a worshipper of Sif Muna the Loreminder
 10254 | D:7      | Reached skill level 1 in Invocations
 10459 | D:8      | Noticed a two-headed ogre
 10468 | D:8      | Killed a two-headed ogre
 10469 | D:8      | Reached skill level 5 in Spellcasting
 10469 | D:8      | Reached skill level 9 in Conjurations
 11589 | D:8      | Noticed a two-headed ogre
 12210 | D:8      | Found a radiant altar of Vehumet.
 12211 | D:8      | Found a burning altar of Makhleb.
 12271 | D:8      | Killed a two-headed ogre
 12272 | D:8      | Reached skill level 10 in Conjurations
 12272 | D:8      | Reached XP level 10. HP: 50/50 MP: 0/21
 13003 | D:9      | Identified the +1 ring mail "Veylyuto" {Fly rF+ rC+ SInv}
 13063 | D:9      | Reached * piety under Sif Muna
 13064 | D:9      | Reached skill level 1 in Fighting
 13152 | D:9      | Found a large runed translucent door.
 13156 | D:9      | Found a large runed translucent door.
 13263 | D:9      | Noticed Maggie
 13382 | D:9      | Killed Maggie
 14056 | D:9      | Reached skill level 1 in Armour
 14061 | D:9      | Reached skill level 5 in Stealth
 14377 | D:9      | Found a hazy altar of Hepliaklqana.
 14380 | D:9      | Found a white marble altar of Elyvilon.
 14396 | D:10     | Entered Level 10 of the Dungeon
 14399 | D:10     | Noticed a death yak
 15417 | D:10     | Noticed a two-headed ogre
 15423 | D:10     | Killed a two-headed ogre
 16110 | D:10     | Found an ornate altar of the Wu Jian Council.
 16122 | D:10     | Noticed a two-headed ogre
 16123 | D:10     | Reached skill level 5 in Dodging
 16126 | D:10     | Reached skill level 5 in Invocations
 16372 | D:10     | Noticed a death yak
 16378 | D:10     | Noticed a death yak
 16385 | D:10     | Killed a death yak
 16386 | D:10     | Reached XP level 11. HP: 60/60 MP: 3/22
 16400 | D:9      | HP: 2/51 [hell rat (1)]
 16401 | D:9      | Slain by a hell rat

Illustrated notes

Levels and vault maps discovered:
D:1:      eino_arrival_cavern_b, layout_rooms, basic_ecumenical_altar,
          serial_bayou_pond_b, minmay_misc_feat_rows
D:2:      layout_loops_ring
D:3:      layout_basic, grunt_decor_resistance, hex_tiny
D:4:      layout_basic, kennysheep_minor_cross, minmay_misc_feat_roman,
          minivault_4
D:5:      layout_loops_cross, serial_shops, nicolae_lakefront_shop, uniq_duvessa
D:6:      layout_loops_ring, kennysheep_mini, mainiacjoe_overflow_24_doors
D:7:      layout_basic, minmay_temple_entry_large_hall, uniq_prince_ribbit1
D:8:      layout_basic, grunt_temple_overflow_lords_of_destruction
D:9:      layout_rooms, jmf_multi_god_temple2, uniq_maggie
D:10:     layout_grid_maze, mainiacjoe_overflow_concentric_impassable,
          dpeg_lair_monsters, uniq_snorg
Temple:   regret_index_temple_generic_petals

Skill      XL: |  1  2  3  4  5  6  7  8  9 10 |
---------------+-------------------------------+-----
Stealth        | 3 4 6 |  6.5
Conjurations   | 5 6 7 8 10 | 10.1
Translocations | 2 4 5 7 8 |  8.6
Spellcasting   | 4 6 |  6.3
Hexes          | 3 5 8 9 |  9.5
Invocations    | 3 5 |  5.2
Dodging        | 5 |  5.2
Fighting       | 3 |  3.0
Armour         | 2 |  2.7

Action                   |  1- 3 |  4- 6 |  7- 9 | 10-12 || total
-------------------------+-------+-------+-------+-------++-------
Melee: Unarmed           |     1 |       |       |       ||     1
       Dagger            |       |     1 |     2 |       ||     3
       Falchion          |       |       |    12 |     3 ||    15
 Cast: Magic Dart        |    84 |    98 |    91 |    18 ||   291
       Searing Ray       |       |     8 |    22 |     4 ||    34
       Fulminant Prism   |       |       |    30 |    34 ||    64
       Iskenderun's Myst |       |       |    20 |    27 ||    47
Invok: Channel Magic     |       |       |       |     1 ||     1
Evoke: Wand              |       |       |     3 |       ||     3
  Use: Potion            |       |     7 |       |       ||     7
       Scroll            |       |     4 |     8 |     3 ||    15
Armor: Robe              |     1 |     1 |    19 |       ||    21
       Ring mail         |       |       |       |     8 ||     8
Dodge: Dodged            |     7 |    15 |    52 |    10 ||    84
       Repelled          |       |       |     1 |     1 ||     2
